 Dungeon Crawl Stone Soup version 0.23.0 (webtiles) character file.

Game seed: 13975902622245768337

24812 Jaiteiro the Blocker (level 13, -2/103 HPs)
             Began as a Gnoll Fighter on Feb 17, 2019.
             Was an Elder of the Shining One.
             Slain by a reaper
             ... wielding a +2 scythe of freezing
              (3 damage)
             ... in an ice cave on Feb 18, 2019.
             The game lasted 01:21:09 (17951 turns).

Jaiteiro the Blocker (Gnoll Fighter)               Turns: 17951, Time: 01:21:09

Health: -2/103     AC: 15    Str: 24    XL:     13   Next: 15%
Magic:  24/24      EV: 16    Int: 14    God:    the Shining One [****..]
Gold:   986        SH: 23    Dex: 22    Spells: 20/27 levels left

rFire    x . .     SeeInvis .   a - +1 whip (elec)
rCold    + . .     Gourm    .   e - +0 shield
rNeg     + + .     Faith    .   M - +1 scale mail {rPois}
rPois    +         Spirit   .   g - +0 helmet
rElec    .         Reflect  .   l - +0 cloak
rCorr    .         Harm     .   p - +0 pair of gloves {Dex+3}
MR       .....                  w - +0 pair of boots
Stlth    +.........             (no amulet)
HPRegen  0.27/turn              v - +3 ring of dexterity
MPRegen  0.19/turn              V - ring of ice

@: mighty, divine shield, glowing
A: distributed training, fangs 1, strong nose
a: Divine Shield, Cleansing Flame, Renounce Religion


You were in an ice cave.
You worshipped the Shining One.
The Shining One was greatly pleased with you.
You were not hungry.

You visited 3 branches of the dungeon, and saw 16 of its levels.
You also visited: Ice Cave.

You collected 986 gold pieces.

Inventory:

Hand Weapons
 a - a +1 whip of electrocution (weapon)
 b - a +1 hunting sling of velocity
Missiles
 c - 225 stones
 h - 161 sling bullets
 k - 14 poisoned needles
 C - 7 tomahawks (quivered)
 D - 309 arrows
 I - 3 silver tomahawks
 L - 3 throwing nets
 N - 6 needles of sleeping
Armour
 e - a +0 shield (worn)
 g - a +0 helmet (worn)
 l - a +0 cloak (worn)
 p - a +0 pair of gloves of dexterity (worn)
 w - a +0 pair of boots (worn)
 H - a +0 plate armour
 M - a +1 scale mail of poison resistance (worn)
Jewellery
 m - an uncursed ring of resist corrosion
 r - an uncursed ring of positive energy
 v - a +3 ring of dexterity (left hand)
 T - an uncursed ring of protection from cold {unknown}
 V - a ring of ice (right hand)
Wands
 q - a wand of acid (5)
 J - a wand of iceblast (19)
 P - a wand of disintegration (16)
Scrolls
 d - 3 scrolls of blinking {unknown}
 j - 7 scrolls of teleportation
 o - 6 scrolls of identify
 s - a scroll of holy word {unknown}
 u - a scroll of silence
 x - 6 scrolls of remove curse
 y - 3 scrolls of amnesia
 A - 2 scrolls of fear
 F - 6 scrolls of enchant armour
 K - 2 scrolls of fog
 O - 2 scrolls of enchant weapon
 R - a scroll of summoning {unknown}
 S - 2 scrolls of magic mapping {unknown}
 Y - a scroll of torment {unknown}
Potions
 n - 4 potions of brilliance
 z - 3 potions of haste
 B - 5 potions of curing
 E - a potion of magic
 G - 2 potions of might
 Q - a potion of mutation
 U - a potion of lignification {unknown}
 X - a potion of flight {unknown}
Comestibles
 f - 24 rations


   Skills:
 + Level 10.2 Fighting
 + Level 7.9 Short Blades
 + Level 7.9 Long Blades
 + Level 9.2 Axes
 + Level 7.9 Maces & Flails
 + Level 7.9 Polearms
 + Level 7.9 Staves
 + Level 7.9 Slings
 + Level 7.9 Bows
 + Level 7.9 Crossbows
 + Level 7.9 Throwing
 + Level 10.2 Armour
 + Level 7.9 Dodging
 + Level 7.9 Stealth
 + Level 10.2 Shields
 + Level 7.9 Unarmed Combat
 + Level 7.9 Spellcasting
 + Level 6.5 Conjurations
 + Level 6.5 Hexes
 + Level 6.5 Charms
 + Level 6.5 Summonings
 + Level 6.5 Necromancy
 + Level 6.5 Translocations
 + Level 6.5 Transmutations
 + Level 6.5 Fire Magic
 + Level 6.5 Ice Magic
 + Level 6.5 Air Magic
 + Level 6.5 Earth Magic
 + Level 6.5 Poison Magic
 + Level 8.6 Invocations
 + Level 7.9 Evocations


You had 20 spell levels left.
You knew the following spells:

 Your Spells              Type           Power        Failure   Level  Hunger
a - Sticks to Snakes      Tmut           ###.....     4%          2    None
b - Slow                  Hex            ###.....     4%          2    None
c - Mephitic Cloud        Conj/Pois/Air  ###.....     10%         3    ##.....

Your spell library contained the following spells:

 Spells                   Type           Power        Failure   Level  Hunger
 Beastly Appendage        Tmut           ###...       3%          1    None
 Magic Dart               Conj           ###.         3%          1    None
 Summon Small Mammal      Summ           ###.         3%          1    None
 Blink                    Tloc           N/A          4%          2    None
 Call Imp                 Summ           ###.....     4%          2    None
 Call Canine Familiar     Summ           ###.....     10%         3    ##.....
 Conjure Flame            Conj/Fire      ###.....     10%         3    ##.....
 Spider Form              Tmut/Pois      ###.......   10%         3    ##.....
 Summon Guardian Golem    Hex/Summ       ###.....     10%         3    ##.....
 Cause Fear               Hex            ###.......   32%         4    ####...
 Ice Form                 Ice/Tmut       #####...     32%         4    ####...
 Summon Ice Beast         Ice/Summ       #####...     32%         4    ####...
 Summon Lightning Spire   Summ/Air       ###.....     32%         4    ####...
 Blade Hands              Tmut           ###.......   67%         5    #####..
 Silence                  Hex/Air        ###.......   67%         5    #####..
 Yara's Violent Unravell  Hex/Tmut       ###.......   67%         5    #####..
 Deflect Missiles         Chrm/Air       ###.......   99%         6    #######
 Discord                  Hex            ###.......   100%        8    #######


Dungeon Overview and Level Annotations

Branches:
Dungeon (11/15)            Temple (1/1) D:7            Lair (4/6) D:11
  Swamp (0/4) Lair:2          Orc (0/2) D:9
  Snake: Lair:2-4    Spider: Lair:2-4

Altars:
Elyvilon
Fedhas
Gozag
Hepliaklqana
Makhleb
Okawaru
Ru
Uskayaw
Xom
The Shining One

Shops:
D:8 %:

Annotations:
D:7 exclusion: downstairs
D:8 3 runed translucent doors, theswoord's ghost, novice NaBe
Lair:1 exclusion: downstairs, Erica IceCv exclusion: 2 ice statues


Innate Abilities, Weirdness & Mutations

Your experience applies equally to all skills.
You have very sharp teeth.
Your uncanny sense of smell can sniff out nearby items.


Message History

You bite the ice statue, but do no damage.
The ice statue is moderately damaged.
You block the ice beast's attack.
Unknown command.
You hit the ice statue but do no damage.
The ice statue is moderately damaged.
Your surroundings suddenly seem different.
A reaper comes into view. It is wielding a +2 scythe of freezing.
Found four items.
You eat one of the 25 rations.
That ration really hit the spot!
You feel very mighty all of a sudden.
The reaper hits you from afar with a +2 scythe of freezing!
The reaper freezes you.
* * * LOW HITPOINT WARNING * * *
You see here a robe of resistance.
You hit the reaper but do no damage. Your bite misses the reaper.
The reaper hits you with a +2 scythe of freezing!!
* * * LOW HITPOINT WARNING * * *
The reaper freezes you.
You die...

##...##
##...#
##...#
#...##
##...##
##.....##
#...∩...#
#####
#.......#
#...###.###
##..∩..##
#.[@2......
##...##
#...##([)##
##### #####
##


You could see a reaper.

Vanquished Creatures
  Harold (D:7)
  Fannar (Lair:2)
  4 hydras
  A centaur warrior (D:10)
  5 two-headed ogres
  Nergalle (Lair:1)
  A manticore (D:11)
  A centaur zombie (D:11)
  A spiny frog (Lair:3)
  2 rime drakes
  4 komodo dragons
  A troll (D:9)
  4 hippogriffs
  5 blink frogs (Lair:3)
  A wyvern (D:10)
  Eustachio (D:6)
  A human (D:8)
  4 hogs (D:8)
  21 yaks
  A hungry ghost (D:11)
  Grum (D:8)
  5 vampire mosquitoes (Lair:2)
  A warg (D:9)
  3 water moccasins
  4 porcupines
  8 orc warriors
  3 sky beasts
  2 ice beasts
  A phantom (D:8)
  2 black bears
  2 necrophages
  2 wolves
  3 ogres
  8 centaurs
  4 crocodiles
  Blork the orc (D:6)
  7 bullfrogs
  3 scorpions (D:9)
  9 wights
  4 killer bees (D:6)
  2 howler monkeys (D:4)
  An electric eel (Lair:2)
  5 crimson imps
  A bullfrog zombie (D:6)
  2 quasits (D:7)
  6 hounds
  9 orc priests
  A jelly (D:9)
  Crazy Yiuf (D:2)
  A centaur skeleton (D:7)
  A bullfrog skeleton (D:11)
  3 iguanas
  9 orc wizards
  10 worker ants
  A hound zombie (D:9)
  A hound skeleton (D:11)
  11 gnolls
  11 adders
  5 shadow imps
  8 white imps (IceCv)
  3 ufetubi (IceCv)
  An ooze (D:3)
  An adder zombie (D:6)
  2 worms (D:2)
  8 dart slugs (D:3)
  8 leopard geckos
  45 orcs
  5 giant cockroaches
  8 goblins
  10 hobgoblins
  13 jackals
  11 kobolds
  A quokka (D:8)
  A ball python (D:1)
  11 bats
  5 frilled lizards
  A quokka zombie (D:5)
  5 rats
362 creatures vanquished.

Vanquished Creatures (others)
  An ufetubus (IceCv)
  2 fungi
  3 plants (D:11)
6 creatures vanquished.

Grand Total: 368 creatures vanquished

Notes
Turn   | Place    | Note
-------+----------+-------------------------------------------
     0 | D:1      | Jaiteiro the Gnoll Fighter began the quest for the Orb.
     0 | D:1      | Reached XP level 1. HP: 23/23 MP: 1/1
    62 | D:1      | Reached XP level 2. HP: 27/29 MP: 2/2
   347 | D:1      | Reached XP level 3. HP: 35/35 MP: 3/3
   743 | D:1      | Reached skill level 1 in Invocations
   935 | D:2      | Reached skill level 1 in Short Blades
   935 | D:2      | Reached skill level 1 in Long Blades
   935 | D:2      | Reached skill level 1 in Maces & Flails
   935 | D:2      | Reached skill level 1 in Polearms
   935 | D:2      | Reached skill level 1 in Staves
   935 | D:2      | Reached skill level 1 in Slings
   935 | D:2      | Reached skill level 1 in Bows
   935 | D:2      | Reached skill level 1 in Crossbows
   935 | D:2      | Reached skill level 1 in Throwing
   935 | D:2      | Reached skill level 1 in Dodging
   935 | D:2      | Reached skill level 1 in Stealth
   935 | D:2      | Reached skill level 1 in Unarmed Combat
   935 | D:2      | Reached skill level 1 in Spellcasting
   935 | D:2      | Reached skill level 1 in Evocations
   935 | D:2      | Reached XP level 4. HP: 18/41 MP: 5/5
  1115 | D:2      | Found a faded altar of an unknown god.
  1417 | D:2      | Reached skill level 1 in Conjurations
  1417 | D:2      | Reached skill level 1 in Hexes
  1417 | D:2      | Reached skill level 1 in Charms
  1417 | D:2      | Reached skill level 1 in Summonings
  1417 | D:2      | Reached skill level 1 in Necromancy
  1417 | D:2      | Reached skill level 1 in Translocations
  1417 | D:2      | Reached skill level 1 in Transmutations
  1417 | D:2      | Reached skill level 1 in Fire Magic
  1417 | D:2      | Reached skill level 1 in Ice Magic
  1417 | D:2      | Reached skill level 1 in Air Magic
  1417 | D:2      | Reached skill level 1 in Earth Magic
  1417 | D:2      | Reached skill level 1 in Poison Magic
  1492 | D:2      | Reached XP level 5. HP: 35/47 MP: 6/6
  1641 | D:2      | Found a runed translucent door.
  1642 | D:2      | Noticed Crazy Yiuf
  1826 | D:2      | Killed Crazy Yiuf
  2916 | D:3      | Reached XP level 6. HP: 53/53 MP: 8/8
  3226 | D:4      | Reached skill level 5 in Axes
  3636 | D:5      | Entered Level 5 of the Dungeon
  3756 | D:5      | Noticed a sky beast
  3772 | D:5      | Reached XP level 7. HP: 51/59 MP: 10/10
  3903 | D:5      | Found a hazy altar of Hepliaklqana.
  3904 | D:5      | Found a shimmering altar of Xom.
  3905 | D:5      | Noticed a spectral ugly thing
  4604 | D:6      | Noticed Eustachio
  4671 | D:6      | Killed Eustachio
  4671 | D:6      | Reached XP level 8. HP: 65/67 MP: 12/12
  4713 | D:6      | Noticed Blork the orc
  4724 | D:6      | Killed Blork the orc
  5951 | D:6      | Reached XP level 9. HP: 25/72 MP: 14/14
  6556 | D:7      | Noticed Harold
  6572 | D:7      | Killed Harold
  6714 | D:7      | Found a staircase to the Ecumenical Temple.
  6722 | Temple   | Entered the Ecumenical Temple
  6729 | Temple   | Became a worshipper of the Shining One
  6927 | D:7      | Reached skill level 5 in Invocations
  7524 | D:8      | Noticed a two-headed ogre
  7535 | D:8      | Noticed Grum
  7913 | D:8      | Found Juacso Pab's Book Shoppe.
  7964 | D:8      | Reached XP level 10. HP: 80/80 MP: 15/17
  8011 | D:8      | Reached skill level 5 in Short Blades
  8011 | D:8      | Reached skill level 5 in Long Blades
  8011 | D:8      | Reached skill level 5 in Maces & Flails
  8011 | D:8      | Reached skill level 5 in Polearms
  8011 | D:8      | Reached skill level 5 in Staves
  8011 | D:8      | Reached skill level 5 in Slings
  8011 | D:8      | Reached skill level 5 in Bows
  8011 | D:8      | Reached skill level 5 in Crossbows
  8011 | D:8      | Reached skill level 5 in Throwing
  8011 | D:8      | Reached skill level 5 in Dodging
  8011 | D:8      | Reached skill level 5 in Stealth
  8011 | D:8      | Reached skill level 5 in Unarmed Combat
  8011 | D:8      | Reached skill level 5 in Spellcasting
  8011 | D:8      | Reached skill level 5 in Evocations
  8194 | D:8      | Reached * piety under the Shining One
  8433 | D:8      | Found Riduth's Food Shoppe.
  8495 | D:8      | Found a white marble altar of Elyvilon.
  8598 | D:8      | Noticed a +0 dagger
  8598 | D:8      | Noticed a +0 hand axe
  8599 | D:8      | Found a hide-covered altar of Uskayaw.
  8630 | D:8      | Killed a two-headed ogre
  8687 | D:8      | Found a runed translucent gate.
  8687 | D:8      | Found a runed translucent gate.
  8687 | D:8      | Found an opulent altar of Gozag.
  8687 | D:8      | Noticed theswoord's ghost (novice NaBe)
  8688 | D:8      | Found a runed translucent gate.
  8984 | D:9      | Noticed a two-headed ogre
  9520 | D:9      | Reached ** piety under the Shining One
  9520 | D:9      | Noticed a two-headed ogre
  9529 | D:9      | Killed a two-headed ogre
  9529 | D:9      | Reached XP level 11. HP: 33/87 MP: 19/19
  9614 | D:8      | Killed Grum
 10043 | D:9      | Killed a two-headed ogre
 10091 | D:9      | Found a staircase to the Orcish Mines.
 10164 | D:9      | Reached skill level 5 in Conjurations
 10164 | D:9      | Reached skill level 5 in Hexes
 10164 | D:9      | Reached skill level 5 in Charms
 10164 | D:9      | Reached skill level 5 in Summonings
 10164 | D:9      | Reached skill level 5 in Necromancy
 10164 | D:9      | Reached skill level 5 in Translocations
 10164 | D:9      | Reached skill level 5 in Transmutations
 10164 | D:9      | Reached skill level 5 in Fire Magic
 10164 | D:9      | Reached skill level 5 in Ice Magic
 10164 | D:9      | Reached skill level 5 in Air Magic
 10164 | D:9      | Reached skill level 5 in Earth Magic
 10164 | D:9      | Reached skill level 5 in Poison Magic
 10571 | D:10     | Entered Level 10 of the Dungeon
 10584 | D:10     | Noticed a centaur warrior
 10607 | D:10     | Killed a centaur warrior
 11188 | D:10     | Noticed a two-headed ogre
 11203 | D:10     | Killed a two-headed ogre
 11299 | D:11     | Noticed a manticore
 11319 | D:11     | Killed a manticore
 11710 | D:11     | Learned a level 2 spell: Sticks to Snakes
 11713 | D:11     | Learned a level 2 spell: Slow
 11717 | D:11     | Learned a level 3 spell: Mephitic Cloud
 12027 | D:11     | Reached *** piety under the Shining One
 12141 | D:11     | Found a staircase to the Lair.
 12176 | D:11     | Noticed a two-headed ogre
 12219 | D:11     | Killed a two-headed ogre
 12219 | D:11     | Reached XP level 12. HP: 80/96 MP: 20/22
 12802 | Lair:1   | Entered Level 1 of the Lair of Beasts
 13081 | Lair:1   | Noticed a five-headed hydra
 13101 | Lair:1   | Killed a five-headed hydra
 13405 | Lair:1   | Noticed a four-headed hydra
 13412 | Lair:1   | Killed a four-headed hydra
 13611 | Lair:1   | Noticed Nergalle
 13643 | Lair:1   | Killed Nergalle
 13821 | Lair:1   | Noticed Erica
 14466 | Lair:2   | Noticed Fannar
 14927 | Lair:2   | Found a staircase to the Swamp.
 15398 | Lair:2   | Killed Fannar
 15592 | Lair:3   | Noticed a seven-headed hydra
 15617 | Lair:3   | Killed a seven-headed hydra
 15617 | Lair:3   | Reached skill level 10 in Fighting
 15617 | Lair:3   | Reached skill level 10 in Armour
 15617 | Lair:3   | Reached skill level 10 in Shields
 15696 | Lair:3   | Reached **** piety under the Shining One
 15711 | Lair:3   | Noticed a seven-headed hydra
 15736 | Lair:3   | Killed a seven-headed hydra
 16090 | Lair:3   | Reached XP level 13. HP: 77/103 MP: 24/24
 17855 | Lair:4   | Found a frozen archway.
 17864 | IceCv    | Entered an ice cave
 17946 | IceCv    | Noticed a reaper
 17947 | IceCv    | Found the +0 pair of fencer's gloves {Riposte Dex+3}
 17951 | IceCv    | HP: 1/103 [reaper/+2 scythe of freezing (29)]
 17951 | IceCv    | Slain by a reaper

Skill      XL: |  1  2  3  4  5  6  7  8  9 10 11 12 |
---------------+-------------------------------------+-----
Invocations    | 1 2 3 4 5 6 7 8 |  8.6
Short Blades   | 1 2 3 4 5 6 7 |  7.9
Long Blades    | 1 2 3 4 5 6 7 |  7.9
Maces & Flails | 1 2 3 4 5 6 7 |  7.9
Polearms       | 1 2 3 4 5 6 7 |  7.9
Staves         | 1 2 3 4 5 6 7 |  7.9
Slings         | 1 2 3 4 5 6 7 |  7.9
Bows           | 1 2 3 4 5 6 7 |  7.9
Crossbows      | 1 2 3 4 5 6 7 |  7.9
Throwing       | 1 2 3 4 5 6 7 |  7.9
Dodging        | 1 2 3 4 5 6 7 |  7.9
Stealth        | 1 2 3 4 5 6 7 |  7.9
Unarmed Combat | 1 2 3 4 5 6 7 |  7.9
Spellcasting   | 1 2 3 4 5 6 7 |  7.9
Evocations     | 1 2 3 4 5 6 7 |  7.9
Conjurations   | 1 2 3 4 5 6 |  6.5
Hexes          | 1 2 3 4 5 6 |  6.5
Charms         | 1 2 3 4 5 6 |  6.5
Summonings     | 1 2 3 4 5 6 |  6.5
Necromancy     | 1 2 3 4 5 6 |  6.5
Translocations | 1 2 3 4 5 6 |  6.5
Transmutations | 1 2 3 4 5 6 |  6.5
Fire Magic     | 1 2 3 4 5 6 |  6.5
Ice Magic      | 1 2 3 4 5 6 |  6.5
Air Magic      | 1 2 3 4 5 6 |  6.5
Earth Magic    | 1 2 3 4 5 6 |  6.5
Poison Magic   | 1 2 3 4 5 6 |  6.5
Axes           | 5 6 7 8 9 |  9.2
Fighting       | 7 8 9 10 | 10.2
Armour         | 7 8 9 10 | 10.2
Shields        | 7 8 9 10 | 10.2

Action                   |  1- 3 |  4- 6 |  7- 9 | 10-12 | 13-15 || total
-------------------------+-------+-------+-------+-------+-------++-------
Melee: War axe           |    35 |       |       |       |       ||    35
       Whip              |    63 |   228 |   391 |   788 |   142 ||  1612
       Bite              |     6 |    23 |    82 |   154 |    27 ||   292
       Scimitar          |       |       |       |    11 |       ||    11
 Fire: Hunting sling     |       |       |     3 |       |       ||     3
Throw: Stone             |       |       |     9 |     4 |       ||    13
       Tomahawk          |       |       |     1 |    14 |       ||    15
 Cast: Mephitic Cloud    |       |       |       |     1 |       ||     1
Invok: Divine Shield     |       |       |       |     7 |     1 ||     8
Evoke: Wand              |       |       |     1 |     1 |       ||     2
  Use: Scroll            |       |     7 |     4 |     8 |     1 ||    20
       Potion            |       |       |       |     3 |     2 ||     5
  Eat: Chunk             |       |     9 |    13 |    24 |     4 ||    50
       Ration            |       |       |       |     2 |     1 ||     3
Armor: Scale mail        |    37 |    18 |    18 |   164 |    39 ||   276
       Plate armour      |       |    79 |   146 |    62 |       ||   287
Dodge: Dodged            |    30 |    47 |    86 |   318 |    69 ||   550
Block: Shield            |    67 |   119 |   221 |   568 |    78 ||  1053
       Rpst.: Scimitar   |       |       |       |     1 |       ||     1
